 Dungeon Crawl Stone Soup version 0.32-a0-818-gb728d0252e (webtiles) character file.

Game seed: 13486127638097835923

840 senseless the Covered (level 7, -2/62 HPs)
             Began as a Minotaur Fighter on Mar 23, 2024.
             Was a Believer of Okawaru.
             Killed by divine providence
             ... invoked by an orc priest
              (13 damage)
             ... on level 5 of the Dungeon.
             The game lasted 00:06:28 (4203 turns).

senseless the Covered (Minotaur Fighter)            Turns: 4203, Time: 00:06:29

Health: -2/62      AC: 16    Str: 22    XL:     7   Next: 67%
Magic:  6/6        EV: 10    Int:  5    God:    Okawaru [**....]
Gold:   204        SH:  5    Dex: 10    Spells: 6/6 levels left

rFire   . . .        w - +2 whip (venom)
rCold   + . .        c - +0 buckler
rNeg    . . .        j - +10 ring mail "Nomodav" {rElec rC+}
rPois   .            (helmet restricted)
rElec   +            (no cloak)
rCorr   .            (no gloves)
SInv    .            (no boots)
Will    .....        (no amulet) Stlth
                     (no ring)
HPRegen 0.30/turn    (no ring)
MPRegen 0.10/turn

%: no passive effects
@: mighty
A: horns 2, retaliatory headbutt
a: Renounce Religion, Heroism


You were on level 5 of the Dungeon.
You worshipped Okawaru.
Okawaru was pleased with you.
You visited 2 branches of the dungeon, and saw 6 of its levels.

You collected 204 gold pieces.

Inventory:

Hand Weapons
 a - a +0 war axe
 t - a +2 long sword of protection
 w - a +2 whip of venom (weapon)
 y - a +3 quarterstaff
 A - a +2 heavy flail
Missiles
 g - 2 atropa-tipped darts (quivered)
 m - 4 poisoned darts
 D - a throwing net
Armour
 b - a +0 scale mail
 c - a +0 buckler (worn)
 j - the +10 ring mail "Nomodav" (worn) {rElec rC+}
   (You found it on level 2 of the Dungeon)

   rC+:       It protects you from cold.
   rElec:     It insulates you from electricity.
 B - a +0 plate armour
Jewellery
 p - a ring of ice
 F - a ring of wizardry
Wands
 r - a wand of paralysis (10)
 C - a wand of acid (7)
Scrolls
 e - a scroll of poison {unknown}
 f - 2 scrolls of revelation {unknown}
 i - 4 scrolls of teleportation {unknown}
 k - a scroll of amnesia {unknown}
 l - 2 scrolls of fear {unknown}
 n - 2 scrolls of identify {unknown}
 o - a scroll of silence {unknown}
 q - a scroll of noise {unknown}
 s - a scroll of enchant armour {unknown}
 u - a scroll of summoning {unknown}
 v - a scroll of fog {unknown}
Potions
 d - 2 potions of might
 h - a potion of ambrosia {unknown}
 x - a potion of curing
 z - a potion of heal wounds {unknown}
 E - a potion of degeneration {unknown}


   Skills:
 * Level 5.9 Fighting
 * Level 5.2 Axes
 + Level 2.2 Throwing
 * Level 6.0 Armour
 + Level 2.4 Dodging
 * Level 5.9 Shields


You had 6 spell levels left.
You didn't know any spells.
Your spell library was empty.

Dungeon Overview and Level Annotations

Branches:
Dungeon (5/15)             Temple (1/1) D:4

Altars:
Ashenzari
Cheibriados
Elyvilon
Kikubaaqudgha
Makhleb
Okawaru
Qazlal
Ru
Sif Muna
Trog
Vehumet
Wu Jian
Xom
Yredelemnul
Zin

Shops:
D:1 [   D:4 (


Innate Abilities, Weirdness & Mutations

You have a pair of horns on your head.
You reflexively headbutt those who attack you in melee.


Message History

You are confused.
Unknown command.
You hit Duvessa but do no damage.
Duvessa looks as sick as possible!
Your headbutt misses Duvessa.
Duvessa is heavily wounded.
Duvessa closely misses you. Something hits you.
The orc priest hits you but does no damage.
Duvessa hits you with a +0 short sword.
You bump into the metal wall.
Duvessa hits you with a +0 short sword! The orc priest barely misses you.
Something completely misses you.
You hit Duvessa.
Duvessa looks as sick as possible!
Your headbutt misses Duvessa.
Duvessa is severely wounded.
Duvessa hits you but does no damage.
The orc priest invokes the aid of Beogh against you.
Pain shoots through your body! Something completely misses you.
Duvessa hits you with a +0 short sword!
* * * LOW HITPOINT WARNING * * *
It was a potion of curing.
You feel better. Duvessa hits you but does no damage.
The orc priest hits you but does no damage.
The orc wizard mumbles some strange words.
The orc wizard flickers and vanishes!
Something hits you.
* * * LOW HITPOINT WARNING * * *
You feel very mighty all of a sudden. Duvessa hits you but does no damage.
You hear some strange, mumbled words.
A magic dart appears from out of thin air!
The magic dart hits you.
* * * LOW HITPOINT WARNING * * *
The orc priest barely misses you. Duvessa hits you but does no damage.
You whack Duvessa!
You kill Duvessa!
Okawaru accepts your kill. The orc priest barely misses you.
Something hits you but does no damage.
Your Armour skill increases to level 6!
You whack something!
The orc priest invokes the aid of Beogh against you.
Beogh smites you!
You die...

.# #. .#.# #.#.# .#.#.#
#.#.# .#>#.#.# #.#.#'
..#.#.#.# #.#.. ..
.#.#.#.#.#.#.# ...
..#.#.#.#.#)#+....
.#.#.#.#.#@#.#....
..#.#.#...{o.{....
.#.#.#..#######..#
+#.#.#.#.#..$..#.#.
.#.#.#.#..#.$...#..#
##.#.#.#.#.'.._$.#.#.
#.#.#.#.#..#..$.$#..#
##.#.#.#.#.#.....#.#.
###.#.#.#.#..#######..#


You could see an orc priest.

Vanquished Creatures
  Duvessa (D:5)
  An orc warrior (D:5)
  An ogre (D:3)
  A centaur (D:5)
  A scorpion (D:4)
  Dowan (D:5)
  3 jellies
  Ijyb (D:5)
  Natasha (thrice) (D:2)
  A hound zombie (D:3)
  7 gnolls
  2 adders
  An ufetubus (D:4)
  A ribbon worm (D:2)
  2 dart slugs
  6 orcs
  4 endoplasms
  3 giant cockroaches (D:1)
  2 goblins (D:1)
  8 hobgoblins
  11 kobolds
  3 quokkas
  11 ball pythons
  A ball python zombie (D:3)
  3 bats
  6 frilled lizards
  10 rats
95 creatures vanquished.

Notes
Turn   | Place    | Note
-------+----------+-------------------------------------------
     0 | D:1      | senseless the Minotaur Fighter began the quest for the Orb.
     0 | D:1      | Reached XP level 1. HP: 19/19 MP: 0/0
   151 | D:1      | Reached XP level 2. HP: 27/27 MP: 1/1
   215 | D:1      | Found Ebenias's Antique Armour Boutique.
   318 | D:1      | Reached skill level 4 in Armour
   508 | D:1      | Reached XP level 3. HP: 33/33 MP: 2/2
   847 | D:2      | Identified the +10 ring mail "Nomodav" {rElec rC+}
  1075 | D:2      | Noticed Natasha
  1078 | D:2      | Killed Natasha
  1079 | D:2      | Reached XP level 4. HP: 39/40 MP: 3/3
  1285 | D:2      | Noticed Natasha
  1289 | D:2      | Killed Natasha
  1834 | D:2      | Noticed Natasha
  1840 | D:2      | Killed Natasha
  1841 | D:2      | Reached skill level 1 in Throwing
  2559 | D:3      | Reached XP level 5. HP: 47/47 MP: 4/4
  2712 | D:3      | Reached skill level 1 in Dodging
  2827 | D:3      | Found a basalt altar of Yredelemnul.
  3005 | D:4      | Noticed an ogre
  3005 | D:4      | Found Bekhlapa's Weapon Shoppe.
  3016 | D:3      | Killed an ogre
  3017 | D:3      | Reached skill level 5 in Armour
  3017 | D:3      | Reached XP level 6. HP: 41/55 MP: 5/5
  3106 | D:4      | Found a staircase to the Ecumenical Temple.
  3115 | Temple   | Entered the Ecumenical Temple
  3126 | Temple   | Became a worshipper of Warmaster Okawaru
  3223 | D:4      | Reached skill level 5 in Fighting
  3223 | D:4      | Reached skill level 5 in Shields
  3809 | D:5      | Entered Level 5 of the Dungeon
  3853 | D:5      | Noticed an orc warrior
  3859 | D:5      | Killed an orc warrior
  3859 | D:5      | Reached * piety under Okawaru
  3860 | D:5      | Reached XP level 7. HP: 60/61 MP: 6/6
  3898 | D:5      | Noticed Ijyb
  3912 | D:5      | Killed Ijyb
  4013 | D:5      | Noticed Dowan
  4024 | D:5      | Killed Dowan
  4034 | D:5      | Reached skill level 5 in Axes
  4160 | D:5      | Found a snail-covered altar of Cheibriados.
  4184 | D:5      | Noticed Duvessa
  4202 | D:5      | Killed Duvessa
  4202 | D:5      | Reached ** piety under Okawaru
  4203 | D:5      | Reached skill level 6 in Armour
  4203 | D:5      | Killed from afar by an orc priest

Illustrated notes

Levels and vault maps discovered:
D:1:      spicycebolla_arrival_xxxplode, layout_basic, serial_shops, shop,
          kennysheep_small_spiral, minmay_bisected
D:2:      layout_basic, minivault_27, corner_web_ring, uniq_natasha
D:3:      layout_rooms, lemuel_zombie_altar_yredelemnul
D:4:      layout_loops_cross, minmay_temple_entry_antechambers,
          nicolae_stop_n_shop_1, st_stairs_3, minmay_pentomino_pile
D:5:      layout_basic, amcnicky_altar_gilded, uniq_duvessa, uniq_ijyb
Temple:   nicolae_temple_ecumenical_triangle

Skill      XL: |  1  2  3  4  5  6  7 |
---------------+----------------------+-----
Armour         | 4 5 6 |  6.0
Fighting       | 4 5 |  5.9
Shields        | 4 5 |  5.9
Axes           | 3 4 5 |  5.2
Throwing       | 1 2 |  2.2
Dodging        | 1 2 |  2.4

Action                     |  1- 3 |  4- 6 |  7- 9 || total
---------------------------+-------+-------+-------++-------
  Melee: War axe           |    76 |    41 |       ||   117
         Headbutt          |    11 |    13 |     6 ||    30
         Long sword        |       |    41 |       ||    41
         Whip              |       |    22 |    42 ||    64
    Use: Potion            |       |       |     2 ||     2
 Armour: Scale mail        |    44 |       |       ||    44
         Ring mail         |    14 |    82 |    44 ||   140
  Dodge: Dodged            |    32 |    55 |    20 ||   107
  Block: Buckler           |     8 |    28 |     5 ||    41

Table legend: (Time is in decaauts)
 A = Elapsed time spent in this place.
 B = Non-inter-level travel time spent in this place.
 C = Inter-level travel time spent in this place.
 D = Time resting spent in this place.
 E = Time spent auto-exploring this place.
 F = Levels seen in this place.
 G = Mean time per level.
                   A        B        C        D        E       F      G
               +--------+--------+--------+--------+--------+-----+--------+
         Total |   4272 |   4206 |     66 |    120 |   3452 |   6 |  712.0 |
       Dungeon |   4252 |   4194 |     58 |    120 |   3452 |   5 |  850.4 |
        Temple |     20 |     12 |      8 |      0 |      0 |   1 |   20.0 |
               +--------+--------+--------+--------+--------+-----+--------+

Top non-repeatable levels by time:
     D:2: 1744 daAuts
     D:1: 859 daAuts
     D:4: 741 daAuts
     D:3: 514 daAuts
     D:5: 393 daAuts
  Temple: 20 daAuts
